 Dungeon Crawl Stone Soup version 0.28.0-53-g5a82cb258f (webtiles) character file.

Game seed: 17504517062691683902

18454 cbfl8 the Severer (level 12, -2/107 HPs)
             Began as a Minotaur Berserker on July 28, 2022.
             Was an Elder of Trog.
             Succumbed to a death knight's poison
             ... on level 13 of the Dungeon.
             The game lasted 00:18:58 (18019 turns).

cbfl8 the Severer (Minotaur Berserker)             Turns: 18019, Time: 00:18:59

Health: -2/107     AC: 12    Str: 22    XL:     12   Next: 27%
Magic:  11/11      EV:  8    Int:  4    God:    Trog [****..]
Gold:   741        SH: 15    Dex: 15    Spells: 11/11 levels left

rFire   + . .      SeeInvis .   b - +0 war axe
rCold   . . .      Faith    .   q - +0 tower shield
rNeg    . . .      Spirit   .   E - +0 chain mail {rF+}
rPois   .          Reflect  .   (helmet restricted)
rElec   .          Harm     .   (no cloak)
rCorr   .          Rampage  .   (no gloves)
Will    .....                   h - +0 pair of boots
Stlth   ..........              x - amulet of the acrobat
HPRegen 0.27/turn               (no ring)
MPRegen 0.12/turn               (no ring)

@: lethally poisoned (-2 -> -13), on berserk cooldown, slowed, very slow
A: horns 2, retaliatory headbutt
a: Renounce Religion, Berserk, Trog's Hand, Brothers in Arms


You were on level 13 of the Dungeon.
You worshipped Trog.
Trog was greatly pleased with you.
You visited 1 branch of the dungeon, and saw 13 of its levels.

You collected 741 gold pieces.

Inventory:

Hand Weapons
 a - a +0 hand axe
 b - a +0 war axe (weapon)
Missiles
 C - 4 throwing nets
Armour
 h - a +0 pair of boots (worn)
 k - a +0 ring mail
 q - a +0 tower shield (worn)
 u - +0 swamp dragon scales
 E - a +0 chain mail of fire resistance (worn)
Jewellery
 x - an amulet of the acrobat (around neck)
Wands
 e - a wand of paralysis (15) (quivered)
 y - a wand of polymorph (8)
 A - a wand of digging (18)
 B - a wand of flame (12)
Scrolls
 j - a scroll of brand weapon {unknown}
 o - a scroll of fear {unknown}
 p - a scroll of enchant weapon {unknown}
 w - a scroll of blinking {unknown}
 z - a scroll of amnesia {unknown}
 D - a scroll of silence {unknown}
 F - 2 scrolls of immolation
 G - a scroll of fog
Potions
 c - a potion of berserk rage {unknown}
 d - 2 potions of lignification {unknown}
 g - 2 potions of ambrosia {unknown}
 i - 4 potions of curing
 l - 3 potions of cancellation {unknown}
 n - 4 potions of attraction
 r - 3 potions of invisibility
 s - 3 potions of haste {unknown}
 t - 3 potions of degeneration {unknown}
 v - 3 potions of flight {unknown}


   Skills:
 * Level 10.5 Fighting
 * Level 15.1 Axes
 + Level 7.4 Armour
 * Level 8.2 Dodging
 + Level 3.8 Stealth
 + Level 7.7 Shields
 * Level 6.3 Evocations


You had 11 spell levels left.
You didn't know any spells.
Your spell library was empty.

Dungeon Overview and Level Annotations

Branches:
Dungeon (13/15)            Temple (0/1) D:5            Lair (0/6) D:9
    Orc (0/2) D:12
 Vaults: D:13-14

Altars:
Fedhas
Kikubaaqudgha
Okawaru
Qazlal
Trog
Vehumet

Shops:
D:7 (   D:13 [

Portals:
Trove: D:10 (give 4 potions of resistance)

Annotations:
D:5 1 runed translucent door, COBRA's ghost, novice HOFi


Innate Abilities, Weirdness & Mutations

You have a pair of horns on your head.
You reflexively headbutt those who attack you in melee.


Message History

The wraith hits you but does no damage.
You feel much better.
You feel sick.
You are no longer poisoned.
You fade into invisibility!
The death knight invokes the aid of Yredelemnul against you.
Your body is wracked with pain!
You block the wraith's attack.
The skeletal warrior hits you from afar with a +0 halberd!
The death knight misses you. You block the death knight's attack.
The death knight closely misses you. You furiously retaliate!
You headbutt the death knight. You block the wraith's attack.
You flicker for a moment.
The death knight misses you. You furiously retaliate!
You headbutt the death knight, but do no damage.
The death knight invokes the aid of Yredelemnul against you.
You struggle to resist.
The death knight misses you.
There is a stone staircase leading up here.
Aiming: Paralyse
Press: ? - help, Q - select action, (/) - cycle Shift-Dir - straight line, f - death knight
Aim: a death knight, wielding a +2 battleaxe of venom and wearing a +0 chain mail (heavily wounded, chance to affect: 16%)
The death knight resists with almost no effort.
You flicker back into view.
The death knight calls down the wrath of Yredelemnul upon you.
Your body is wracked with pain!
* * * LOW HITPOINT WARNING * * *
Aiming: Paralyse
Press: ? - help, Q - select action, (/) - cycle Shift-Dir - straight line, f/p - death knight
Aim: a death knight, wielding a +2 battleaxe of venom and wearing a +0 chain mail (heavily wounded, chance to affect: 16%)
The death knight resists with almost no effort.
The death knight hits you with a +2 battleaxe of venom!!
* * * LOW HITPOINT WARNING * * *
You are lethally poisoned!
You block the death knight's attack.
Aiming: Paralyse
Press: ? - help, Q - select action, (/) - cycle Shift-Dir - straight line, f/p - death knight
Aim: a death knight, wielding a +2 battleaxe of venom and wearing a +0 chain mail (heavily wounded, chance to affect: 16%)
The death knight suddenly stops moving!
You die...

#.............#
#.≈≈≈≈≈≈≈≈≈≈≈.#
#.≈.........≈.#
#..≈.≈≈≈≈≈≈≈.≈.###
#..≈.≈.....≈.≈...#
...≈.≈.≈≈≈.≈.≈.#z#
##.≈.≈.≈∩≈.≈?≈.#W#
#.≈.≈.≈...≈.≈z#p#
≈≈≈≈≈.≈.#@#
...!..≈.#.#
≈≈≈≈≈≈≈.#.#
........#.#
≈≈≈≈≈≈≈.#.#
........#.##
..#####....# #.
#....# #....#


You could see a death knight (paralysed), a skeletal warrior and a wraith.

Vanquished Creatures
  3 boulder beetles
  2 hydras
  Erica (D:10)
  A two-headed ogre (D:12)
  A tengu warrior (D:12)
  An ugly thing (D:12)
  A cyclops (D:11)
  2 manticores
  Joseph (D:10)
  A gargoyle (D:10)
  Maggie (D:6)
  A komodo dragon (D:9)
  A tengu conjurer (D:12)
  A troll (D:9)
  A hornet (D:8)
  3 slime creatures (D:12)
  A meliai zombie (D:10)
  Sigmund (D:6)
  A centaur simulacrum (D:12)
  A water elemental (D:13)
  4 wraiths
  A wyvern (D:9)
  28 yaks
  4 vampire mosquitoes (D:12)
  Menkaure (D:6)
  2 water moccasins (D:9)
  2 orc warriors (D:12)
  2 sky beasts (D:3)
  A black bear (D:6)
  An ogre (D:11)
  4 centaurs
  3 kobold brigands
  2 phantoms (D:4)
  2 bullfrogs
  4 wights (D:3)
  4 killer bees (D:10)
  2 electric eels (D:8)
  3 howler monkeys (D:7)
  5 centaur zombies
  A hound (D:5)
  2 jellies
  A bullfrog zombie (D:5)
  2 bullfrog skeletons
  A gnoll shaman (D:9)
  6 orc priests
  2 centaur skeletons
  Jessica (D:2)
  4 iguanas
  8 orc wizards
  A howler monkey zombie (D:7)
  7 gnolls
  6 adders
  A white imp (D:7)
  2 ufetubi (D:6)
  2 worms
  3 dart slugs
  35 orcs
  5 endoplasms
  6 goblins
  11 hobgoblins
  3 jackals (D:2)
  3 quokkas
  10 ball pythons
  4 bats
  4 frilled lizards (D:3)
  24 kobolds
  8 rats
264 creatures vanquished.

Vanquished Creatures (others)
  2 fungi (D:8)
  3 plants (D:9)
5 creatures vanquished.

Grand Total: 269 creatures vanquished

Notes
Turn   | Place    | Note
-------+----------+-------------------------------------------
     0 | D:1      | cbfl8 the Minotaur Berserker began the quest for the Orb.
     0 | D:1      | Reached XP level 1. HP: 19/19 MP: 0/0
   351 | D:1      | Reached skill level 4 in Axes
   351 | D:1      | Reached XP level 2. HP: 23/27 MP: 1/1
  1007 | D:2      | Reached XP level 3. HP: 32/33 MP: 2/2
  1274 | D:2      | Reached skill level 5 in Axes
  1274 | D:2      | Reached XP level 4. HP: 30/41 MP: 3/3
  1567 | D:2      | Noticed Jessica
  1574 | D:2      | Killed Jessica
  1574 | D:2      | Reached ** piety under Trog
  1618 | D:2      | Reached XP level 5. HP: 47/47 MP: 4/4
  1719 | D:2      | Found a faded altar of an unknown god.
  2270 | D:3      | Found an iron altar of Okawaru.
  2277 | D:3      | Noticed a sky beast
  2287 | D:3      | Killed a sky beast
  2288 | D:3      | Reached skill level 6 in Axes
  2329 | D:3      | Reached skill level 5 in Fighting
  2329 | D:3      | Reached skill level 1 in Stealth
  2329 | D:3      | Reached XP level 6. HP: 46/56 MP: 5/5
  2358 | D:3      | Reached skill level 7 in Axes
  2374 | D:3      | Found an ancient bone altar of Kikubaaqudgha.
  2652 | D:3      | Noticed a sky beast
  2661 | D:3      | Killed a sky beast
  2662 | D:3      | Reached skill level 1 in Evocations
  2662 | D:3      | Reached XP level 7. HP: 61/61 MP: 6/6
  3258 | D:4      | Reached skill level 8 in Axes
  3436 | D:4      | Found a stormy altar of Qazlal.
  4226 | D:5      | Entered Level 5 of the Dungeon
  4319 | D:5      | Found a radiant altar of Vehumet.
  4532 | D:5      | Found a runed translucent door.
  4535 | D:5      | Noticed a shadow
  4535 | D:5      | Noticed COBRA's ghost (novice HOFi)
  4812 | D:5      | Reached XP level 8. HP: 68/70 MP: 7/7
  4963 | D:5      | Found a blossoming altar of Fedhas.
  5025 | D:5      | Found a staircase to the Ecumenical Temple.
  5669 | D:6      | Reached *** piety under Trog
  5692 | D:6      | Noticed Sigmund
  5701 | D:6      | Reached skill level 1 in Shields
  5706 | D:6      | Killed Sigmund
  5707 | D:6      | Reached skill level 9 in Axes
  6258 | D:6      | Noticed Menkaure
  6264 | D:6      | Killed Menkaure
  6745 | D:6      | Noticed Maggie
  6765 | D:6      | Killed Maggie
  6766 | D:6      | Reached skill level 5 in Armour
  7541 | D:7      | Reached XP level 9. HP: 75/78 MP: 8/8
  7550 | D:7      | Reached skill level 5 in Dodging
  7821 | D:7      | Found Fifaeva's Weapon Shoppe.
  8287 | D:8      | Reached skill level 10 in Axes
  9860 | D:9      | Reached skill level 11 in Axes
  9916 | D:9      | Reached **** piety under Trog
  9917 | D:9      | Reached XP level 10. HP: 63/88 MP: 9/9
 10201 | D:9      | Reached skill level 12 in Axes
 10348 | D:9      | Reached skill level 5 in Shields
 10637 | D:9      | Found a staircase to the Lair.
 11040 | D:10     | Entered Level 10 of the Dungeon
 11098 | D:10     | Noticed Erica
 11102 | D:10     | Noticed Joseph
 11108 | D:10     | Killed Erica
 11109 | D:10     | Reached skill level 13 in Axes
 11319 | D:10     | Found a portal to a secret trove of treasure.
 11326 | D:10     | Killed Joseph
 11336 | D:10     | Reached skill level 5 in Evocations
 11336 | D:10     | Reached XP level 11. HP: 93/97 MP: 10/10
 12337 | D:10     | Reached skill level 14 in Axes
 12746 | D:11     | Noticed a boulder beetle
 12964 | D:11     | Found a bloodstained altar of Trog.
 13143 | D:11     | Killed a boulder beetle
 13592 | D:11     | Noticed an eight-headed hydra
 13607 | D:11     | Killed a 16-headed hydra
 14484 | D:11     | Noticed a boulder beetle
 14499 | D:11     | Killed a boulder beetle
 15680 | D:12     | Reached skill level 10 in Fighting
 15686 | D:12     | Noticed a white ugly thing
 15779 | D:12     | Killed a white ugly thing
 15937 | D:12     | Noticed a seven-headed hydra
 15956 | D:12     | Identified the +2 leather armour of Beogh's Envy {Dex+2
                  | SInv Stlth+}
 15994 | D:12     | Killed an 11-headed hydra
 16041 | D:12     | Reached XP level 12. HP: 55/106 MP: 11/11
 16356 | D:12     | Found a staircase to the Orcish Mines.
 16518 | D:12     | Noticed a tengu warrior
 16520 | D:12     | Found a blossoming altar of Fedhas.
 16535 | D:12     | Killed a tengu warrior
 16961 | D:12     | Reached skill level 15 in Axes
 17647 | D:12     | Noticed a boulder beetle
 17647 | D:12     | Noticed a two-headed ogre
 17658 | D:12     | Killed a two-headed ogre
 17671 | D:12     | Killed a boulder beetle
 17816 | D:12     | Noticed a boulder beetle
 17911 | D:13     | Found Kukkat's Antique Armour Shoppe.
 17982 | D:13     | Noticed a death knight
 18018 | D:13     | HP: 2/107 [death knight/+2 battleaxe of venom (19)]
 18019 | D:13     | Succumbed to a death knight's poison

Illustrated notes

Levels and vault maps discovered:
D:1:      dpeg_arrival_simpleton_c, layout_loops_ring
D:2:      layout_loops_cross, hellmonk_ecumenical_altar_dog_temple,
          minmay_shallow_snake_nest, uniq_jessica
D:3:      layout_rooms, mainiacjoe_overflow_catwalk_spiral, corner_web_ring,
          st_stairs_7, amcnicky_mini_rare_corridor_liquid,
          kennysheep_pointless_box
D:4:      layout_cave_pools, kennysheep_flooded_box, hangedman_decor_lopped
D:5:      layout_loops_ring, mainiacjoe_overflow_swirl,
          minmay_temple_entry_nine_rooms, ebering_ghost_inner_flame
D:6:      layout_layer_cave, nicolae_water_bricks, uniq_menkaure, uniq_maggie,
          uniq_sigmund
D:7:      layout_basic, serial_shops, shop
D:8:      layout_basic, fungi_pond_lemuel
D:9:      layout_roguey, david_lair_shrubbed
D:10:     layout_rooms, nicolae_trove_entry_isolated, bh_walls_and_bars,
          uniq_joseph, uniq_erica
D:11:     layout_loops_corners, grunt_ogre_cave, bloody_trog
D:12:     kennysheep_treasure_stockpile, layout_basic, erik_orc_3,
          fedhas_altar_fruit_tree
D:13:     nicolae_cairo_tiling, layout_loops_ring, serial_shops, shop,
          nicolae_inconvenience_store, nicolae_lakefront_shop, shop, shop

Skill      XL: |  1  2  3  4  5  6  7  8  9 10 11 12 |
---------------+-------------------------------------+-----
Axes           | 4 5 6 7 8 9 11 13 14 15 | 15.1
Fighting       | 4 5 6 7 9 10 | 10.5
Dodging        | 3 4 5 6 7 8 |  8.2
Stealth        | 1 3 |  3.8
Armour         | 3 5 6 7 |  7.4
Evocations     | 1 2 4 5 6 |  6.3
Shields        | 3 4 6 7 |  7.7

Action                   |  1- 3 |  4- 6 |  7- 9 | 10-12 || total
-------------------------+-------+-------+-------+-------++-------
Melee: Hand axe          |    43 |    93 |    78 |       ||   214
       Headbutt          |     5 |    11 |    68 |   103 ||   187
       Punch             |       |     1 |     1 |       ||     2
       War axe           |       |       |   217 |   398 ||   615
Invok: Berserk           |     1 |     5 |     3 |    15 ||    24
       Trog's Hand       |       |     1 |     1 |       ||     2
Evoke: Wand              |       |       |     3 |    12 ||    15
  Use: Scroll            |       |       |     7 |     6 ||    13
       Potion            |       |       |       |     6 ||     6
 Stab: Sleeping          |       |     1 |     1 |     1 ||     3
       Paralysed         |       |       |     1 |    28 ||    29
Armor: Animal skin       |     7 |    14 |       |       ||    21
       Ring mail         |       |     8 |    42 |       ||    50
       Swamp dragon scal |       |       |    67 |   110 ||   177
       Chain mail        |       |       |       |    36 ||    36
Dodge: Dodged            |    29 |    62 |   127 |   176 ||   394
Block: Tower shield      |       |       |   151 |   308 ||   459
